 Dungeon Crawl Stone Soup version 0.27-a0-732-ga892ba84f6 (webtiles) character file.

Game seed: 2026099457961773051

0 rageheart7 the Slasher (level 1, -7/16 HPs)
             Began as a Demonspawn Gladiator on Mar 23, 2021.
             Succumbed to a kobold's poison
             ... on level 1 of the Dungeon.
             The game lasted 00:00:23 (114 turns).

rageheart7 the Slasher (Demonspawn Gladiator)        Turns: 114, Time: 00:00:24

Health: -7/16      AC:  4    Str: 14    XL:     1   Next: 8%
Magic:  1/1        EV: 12    Int:  9    God:
Gold:   8          SH:  0    Dex: 14    Spells: 0/0 levels left

rFire    . . .     SeeInvis .   a - +0 long sword
rCold    . . .     Faith    .   (no shield)
rNeg     . . .     Spirit   .   b - +0 leather armour
rPois    .         Reflect  .   c - +0 helmet
rElec    .         Harm     .   (no cloak)
rCorr    .         Rampage  .   (no gloves)
Will     .....                  (no boots)
Stlth    +.........             (no amulet)
HPRegen  0.05/turn              (no ring)
MPRegen  0.07/turn              (no ring)

@: lethally poisoned (-7 -> -38)
A: no striking features
a: no special abilities


You were on level 1 of the Dungeon.
You visited 1 branch of the dungeon, and saw 1 of its levels.

You collected 8 gold pieces.

Inventory:

Hand Weapons
 a - a +0 long sword (weapon)
Missiles
 d - 3 throwing nets (quivered)
Armour
 b - a +0 leather armour (worn)
 c - a +0 helmet (worn)
Scrolls
 e - a scroll of noise {unknown}
Potions
 f - a potion of lignification {unknown}
 g - a potion of might {unknown}


   Skills:
 * Level 2.0 Fighting
 * Level 2.7 Long Blades
 - Level 1.7 Throwing
 - Level 2.6 Dodging


You couldn't memorise any spells.
You didn't know any spells.
Your spell library was empty.

Dungeon Overview and Level Annotations

Branches:
Dungeon (1/15)

Altars:


Message History

A rat comes into view.
A rat is nearby!
A rat is nearby!
Found a stone staircase leading down.
You slash the rat!
You kill the rat!
No target in view!
No target in view!
You see here a rat corpse.
You open the door.
There is an open door here.
g - an emerald potion No target in view!
Key pressed, stopping explore.
No target in view!
No target in view!
There is an open door here.
You open the door.
There is an open door here.
You now have 8 gold pieces.
You open the door.
A kobold comes into view. It is wielding a +1 whip of venom.
The kobold shouts!
There is an open door here.
A kobold is nearby!
You closely miss the kobold.
The kobold hits you with a +1 whip of venom.
You are poisoned.
A kobold is nearby!
You barely miss the kobold.
Ouch! That really hurt!
You feel extremely sick.
The kobold hits you with a +1 whip of venom.
* * * LOW HITPOINT WARNING * * *
You are lethally poisoned!
There is a lethal amount of poison in your body!
You are too injured to fight recklessly!
You are too injured to fight recklessly!
You hit the kobold but do no damage.
Ouch! That really hurt!
You die...

#...#.....###.###
#.########......#
#+ #.....###..#
####..# #..#
....# #..#
.....####.#
#....##....#
#.... #.####
#.... #@#
#...K...#
#........#
#.........#
#...........
..........####
#.......... P..
#####......# ##


You could see a kobold.

Vanquished Creatures
  A rat (D:1)
1 creature vanquished.

Notes
Turn   | Place    | Note
-------+----------+-------------------------------------------
     0 | D:1      | rageheart7 the Demonspawn Gladiator began the quest for the
                  | Orb.
     0 | D:1      | Reached XP level 1. HP: 16/16 MP: 1/1
   114 | D:1      | Succumbed to a kobold's poison

Illustrated notes

Levels and vault maps discovered:
D:1:      kennysheep_arrival_seaside, layout_basic, serial_aquarium,
          aquarium_bridge_long_joined [aquarium_subvault_wall,
          aquarium_subvault_wall, aquarium_subvault_bridge,
          aquarium_subvault_wall, aquarium_subvault_window,
          aquarium_subvault_wall], aquarium_window_1, aquarium_window_fake,
          aquarium_view_2f, aquarium_balcony_double_1, aquarium_pool_five

Action                   || total
-------------------------++-------
Melee: Long sword        ||     4

Table legend: (Time is in decaauts)
 A = Elapsed time spent in this place.
 B = Non-inter-level travel time spent in this place.
 C = Inter-level travel time spent in this place.
 D = Time resting spent in this place.
 E = Time spent auto-exploring this place.
 F = Levels seen in this place.
 G = Mean time per level.
                   A        B        C        D        E       F      G
               +--------+--------+--------+--------+--------+-----+--------+
         Total |    114 |    114 |      0 |      0 |    104 |   1 |  114.0 |
       Dungeon |    114 |    114 |      0 |      0 |    104 |   1 |  114.0 |
               +--------+--------+--------+--------+--------+-----+--------+

Top non-repeatable levels by time:
     D:1: 114 daAuts
